 Dungeon Crawl Stone Soup version 0.31-a0-940-gdaa99269f9 (webtiles) character file.

Game seed: 3289133662220722757

2042 CowFu the Ruffian (level 9, 0/67 HPs)
             Began as a Gnoll Shapeshifter on Oct 20, 2023.
             Was an Initiate of Gozag.
             Slain by a bullfrog (3 damage)
             ... on level 7 of the Dungeon.
             The game lasted 00:05:49 (6573 turns).

CowFu the Ruffian (Gnoll Shapeshifter)              Turns: 6573, Time: 00:05:50

Health: 0/67       AC: 14    Str: 18    XL:     9   Next: 24%
Magic:  0/15       EV:  9    Int:  9    God:    Gozag
Gold:   1173       SH:  0    Dex: 12    Spells: 16/16 levels left

rFire   . .          .
                       - Unarmed
rCold   . . .        (no shield)
rNeg    . . .        n - +5 chain mail of the First Snow {Will+}
rPois   .            (helmet currently unavailable)
rElec   .            (cloak currently unavailable)
rCorr   .            (gloves currently unavailable)
SInv    .            (boots currently unavailable)
Will    +....        a - amulet of guardian spirit Stlth
                     (no ring)
HPRegen 0.31/turn    (no ring)
MPRegen 0.14/turn

%: guardian spirit
@: beast-form, gold aura
A: beast (slay +4), fangs 1, strong nose, distributed training
a: Begin Untransformation, Renounce Religion, Potion Petition, Call Merchant,
Bribe Branch


You were on level 7 of the Dungeon.
You worshipped Gozag.
Gozag was most pleased with you.
You were a hulking beast.
You visited 1 branch of the dungeon, and saw 7 of its levels.

You collected 1173 gold pieces.

Inventory:

Missiles
 t - a throwing net
Armour
 n - the +5 chain mail of the First Snow (worn) {Will+}
   (You found it on level 3 of the Dungeon)

   Will+:     It increases your willpower.
 o - a +0 buckler
Jewellery
 a - an amulet of guardian spirit (around neck)
Talismans
 c - a beast talisman (active)
 d - a flux talisman
 r - a maw talisman
Wands
 e - a wand of paralysis (1)
Scrolls
 g - 3 scrolls of identify
 j - a scroll of teleportation
 p - a scroll of amnesia
 s - a scroll of vulnerability
Potions
 b - 3 potions of lignification
 f - a potion of curing
 h - a potion of resistance
 i - 2 potions of magic
 k - a potion of degeneration
 l - a potion of ambrosia
 m - 3 potions of mutation
 q - a potion of brilliance {unknown}
 u - a potion of attraction {unknown}


   Skills:
 + Level 4.9 Fighting
 + Level 4.1 Short Blades
 + Level 4.1 Long Blades
 + Level 4.1 Axes
 + Level 4.1 Maces & Flails
 + Level 4.1 Polearms
 + Level 4.1 Staves
 + Level 4.1 Ranged Weapons
 + Level 4.1 Throwing
 + Level 4.1 Armour
 + Level 6.2 Dodging
 + Level 4.1 Stealth
 + Level 4.1 Shields
 + Level 7.8 Unarmed Combat
 + Level 4.1 Spellcasting
 + Level 3.4 Conjurations
 + Level 3.4 Hexes
 + Level 3.4 Summonings
 + Level 3.4 Necromancy
 + Level 3.4 Translocations
 + Level 3.4 Transmutations
 + Level 3.4 Fire Magic
 + Level 3.4 Ice Magic
 + Level 3.4 Air Magic
 + Level 3.4 Earth Magic
 + Level 3.4 Poison Magic
 + Level 4.5 Invocations
 + Level 4.1 Evocations
 + Level 7.6 Shapeshifting


You had 16 spell levels left.
You didn't know any spells.
Your spell library contained the following spells:

 Spells                   Type           Power      Damage    Failure   Level
 Magic Dart               Conj           28%        1d4       52%         1
 Call Imp                 Summ           14%        N/A       65%         2
 Scorch                   Fire           14%        2d5       65%         2
 Mephitic Cloud           Conj/Pois/Air  7%         N/A       87%         3
 Flame Wave               Conj/Fire      7%         2d5       99%         4
 Summon Cactus Giant      Summ           3%         N/A       100%        6


Dungeon Overview and Level Annotations

Branches:
Dungeon (7/15)             Temple (0/1) D:4

Altars:
Cheibriados
Fedhas
Gozag
Hepliaklqana
Trog
Xom


Innate Abilities, Weirdness & Mutations

You are a hulking beast.
Your limbs bulge with bestial killing power. (Slay +4)
You have very sharp teeth.
Your uncanny sense of smell can sniff out nearby items.
Your experience applies equally to all skills.


Message History

The orc warrior is lightly wounded.
You hit the orc warrior but do no damage.
The orc warrior is lightly wounded.
The orc priest invokes the aid of Beogh against you.
Beogh smites you!
* * * LOW HITPOINT WARNING * * *
You feel better.
An orc wizard appears from thin air!
Reactivating autopickup.
The orc warrior closely misses you.
You punch the orc warrior! You punch the orc warrior.
The orc warrior is heavily wounded.
The orc warrior hits you with a +0 battleaxe.
* * * LOW HITPOINT WARNING * * *
The orc priest invokes the aid of Beogh against you.
Beogh smites you!
* * * LOW HITPOINT WARNING * * *
You feel better.
You hit the orc priest.
You kill the orc priest!
The orc warrior hits you but does no damage.
The orc wizard mumbles some strange words.
The orc wizard flickers and vanishes!
Deactivating autopickup; reactivate with Ctrl-A.
You hit the orc warrior.
The orc warrior is heavily wounded.
The bullfrog hits you but does no damage.
The orc warrior completely misses you.
The bullfrog hits you but does no damage.
You closely miss the orc warrior.
The orc warrior is heavily wounded.
The bullfrog barely misses you.
The orc warrior hits you with a +0 battleaxe!
* * * LOW HITPOINT WARNING * * *
You feel better.
The bullfrog hits you but does no damage.
The orc warrior hits you with a +0 battleaxe!
* * * LOW HITPOINT WARNING * * *
The bullfrog hits you.
You die...
Your body crumbles into a pile of gold.

........... #....
###+##...F.....
#....###...##$.$......
#......#....$$..§.....
#......#...$^.........
#......#<......$......
#......#........§..!..
#......#..............
#...oh##...##.........
#####F##oS.##.........
#...{oo..{$...........
#....S................
#.....................
#..[.###...##.....
#.... #...# .....
#.... ...... ....
#.... ........ ...


You could see an orc warrior, a water moccasin, a bullfrog and 2 orcs.

Vanquished Creatures
  2 wyverns (D:6)
  2 water moccasins
  A sky beast (D:6)
  A black bear (D:5)
  An ogre (D:6)
  2 phantoms
  Blork the orc (D:5)
  2 bullfrogs
  2 scorpions
  A howler monkey (D:4)
  A quasit (D:6)
  2 hounds (D:5)
  A jelly (D:6)
  6 orc priests
  3 sleepcaps
  2 iguanas (D:6)
  4 orc wizards
  3 gnolls (D:3)
  7 adders
  3 shadow imps (D:6)
  5 white imps
  An ufetubus (D:6)
  A worm (D:2)
  2 dart slugs
  21 orcs
  6 ball pythons
  6 bats
  6 endoplasms
  4 giant cockroaches
  12 goblins
  9 hobgoblins
  3 jackals (D:4)
  3 quokkas
  3 frilled lizards
  7 kobolds
  6 rats
142 creatures vanquished.

Notes
Turn   | Place    | Note
-------+----------+-------------------------------------------
     0 | D:1      | CowFu the Gnoll Shapeshifter began the quest for the Orb.
     0 | D:1      | Reached XP level 1. HP: 17/17 MP: 1/1
    89 | D:1      | Found a faded altar of an unknown god.
   119 | D:1      | Prayed at the altar of an unknown god.
   119 | D:1      | Became a worshipper of Gozag Ym Sagoz the Greedy
   195 | D:1      | Reached XP level 2. HP: 21/23 MP: 2/2
   234 | D:1      | You fall into a shaft and drop 1 floor!
   345 | D:1      | Reached XP level 3. HP: 28/28 MP: 3/3
  1052 | D:2      | Reached skill level 1 in Invocations
  1078 | D:2      | Reached skill level 1 in Short Blades
  1078 | D:2      | Reached skill level 1 in Long Blades
  1078 | D:2      | Reached skill level 1 in Axes
  1078 | D:2      | Reached skill level 1 in Maces & Flails
  1078 | D:2      | Reached skill level 1 in Polearms
  1078 | D:2      | Reached skill level 1 in Staves
  1078 | D:2      | Reached skill level 1 in Ranged Weapons
  1078 | D:2      | Reached skill level 1 in Throwing
  1078 | D:2      | Reached skill level 1 in Armour
  1078 | D:2      | Reached skill level 1 in Stealth
  1078 | D:2      | Reached skill level 1 in Shields
  1078 | D:2      | Reached skill level 1 in Spellcasting
  1078 | D:2      | Reached skill level 1 in Evocations
  1248 | D:2      | Reached XP level 4. HP: 34/34 MP: 5/5
  1976 | D:3      | Reached skill level 1 in Conjurations
  1976 | D:3      | Reached skill level 1 in Hexes
  1976 | D:3      | Reached skill level 1 in Summonings
  1976 | D:3      | Reached skill level 1 in Necromancy
  1976 | D:3      | Reached skill level 1 in Translocations
  1976 | D:3      | Reached skill level 1 in Transmutations
  1976 | D:3      | Reached skill level 1 in Fire Magic
  1976 | D:3      | Reached skill level 1 in Ice Magic
  1976 | D:3      | Reached skill level 1 in Air Magic
  1976 | D:3      | Reached skill level 1 in Earth Magic
  1976 | D:3      | Reached skill level 1 in Poison Magic
  2129 | D:3      | Reached XP level 5. HP: 40/40 MP: 6/6
  2189 | D:3      | Identified the +5 chain mail of the First Snow {Will+}
  2773 | D:3      | Found an opulent altar of Gozag.
  2902 | D:3      | Found a snail-covered altar of Cheibriados.
  3245 | D:4      | Found a blossoming altar of Fedhas.
  3660 | D:4      | Found a staircase to the Ecumenical Temple.
  3776 | D:4      | Reached skill level 5 in Dodging
  3776 | D:4      | Reached XP level 6. HP: 47/47 MP: 8/8
  4160 | D:5      | Entered Level 5 of the Dungeon
  4160 | D:5      | Noticed a black bear
  4169 | D:5      | Killed a black bear
  4197 | D:5      | Noticed Blork the orc
  4428 | D:5      | Reached XP level 7. HP: 49/52 MP: 10/10
  4456 | D:5      | Killed Blork the orc
  4891 | D:5      | Reached XP level 8. HP: 55/60 MP: 12/12
  5098 | D:5      | Found a shimmering altar of Xom.
  5099 | D:5      | Found a hazy altar of Hepliaklqana.
  5100 | D:5      | Noticed a spectral ugly thing
  5151 | D:5      | Found a bloodstained altar of Trog.
  5559 | D:6      | Noticed a wyvern
  5565 | D:6      | Killed a wyvern
  5700 | D:6      | Noticed a wyvern
  5708 | D:6      | Killed a wyvern
  6063 | D:6      | Reached XP level 9. HP: 64/66 MP: 12/14
  6572 | D:7      | HP: 3/67 [orc warrior/+0 battleaxe (9)]
  6573 | D:7      | Slain by a bullfrog

Illustrated notes

Levels and vault maps discovered:
D:1:      beargit_arrival_diablo_church, layout_basic, basic_ecumenical_altar,
          hangedman_decor_peaks_small
D:2:      minmay_general_purpose_star, layout_basic, hex_tiny,
          hangedman_decor_diamond_cutter, chequers_serial_rivers_large_b,
          hex_large
D:3:      layout_basic, nicolae_gozag_cash_rules_everything_around_me,
          mainiacjoe_overflow_alcove_1
D:4:      kennysheep_the_goblin_king, layout_cave_pods, fedhas_altar_2,
          minmay_temple_entry_proselytizer
D:5:      layout_rooms, regret_index_temple_of_mockery, kennysheep_mini,
          minmay_tree_intersection, uniq_blork_the_orc
D:6:      layout_basic, serial_demonic, serial_demonic_d, serial_demonic_c,
          serial_demonic_d, serial_demonic_g
D:7:      layout_gridville, tso_oasis_becter, mainiacjoe_overflow_24_doors,
          uniq_menkaure

Skill      XL: |  1  2  3  4  5  6  7  8  9 |
---------------+----------------------------+-----
Invocations    | 1 2 3 4 |  4.5
Short Blades   | 1 2 3 4 |  4.1
Long Blades    | 1 2 3 4 |  4.1
Axes           | 1 2 3 4 |  4.1
Maces & Flails | 1 2 3 4 |  4.1
Polearms       | 1 2 3 4 |  4.1
Staves         | 1 2 3 4 |  4.1
Ranged Weapons | 1 2 3 4 |  4.1
Throwing       | 1 2 3 4 |  4.1
Armour         | 1 2 3 4 |  4.1
Stealth        | 1 2 3 4 |  4.1
Shields        | 1 2 3 4 |  4.1
Spellcasting   | 1 2 3 4 |  4.1
Evocations     | 1 2 3 4 |  4.1
Conjurations   | 1 2 3 |  3.4
Hexes          | 1 2 3 |  3.4
Summonings     | 1 2 3 |  3.4
Necromancy     | 1 2 3 |  3.4
Translocations | 1 2 3 |  3.4
Transmutations | 1 2 3 |  3.4
Fire Magic     | 1 2 3 |  3.4
Ice Magic      | 1 2 3 |  3.4
Air Magic      | 1 2 3 |  3.4
Earth Magic    | 1 2 3 |  3.4
Poison Magic   | 1 2 3 |  3.4
Fighting       | 3 4 |  4.9
Dodging        | 5 6 |  6.2
Unarmed Combat | 7 |  7.8
Shapeshifting  | 7 |  7.6

Action                     |  1- 3 |  4- 6 |  7- 9 || total
---------------------------+-------+-------+-------++-------
  Melee: Unarmed           |    57 |   115 |   209 ||   381
         Punch             |     1 |     5 |    10 ||    16
         Bite              |     5 |     9 |    26 ||    40
    Use: Scroll            |       |       |    12 ||    12
         Potion            |       |       |     6 ||     6
   Stab: Sleeping          |     1 |     1 |       ||     2
         Distracted        |       |       |     1 ||     1
 Armour: Animal skin       |    25 |    21 |       ||    46
         Chain mail        |       |    70 |   167 ||   237
  Dodge: Dodged            |    32 |    50 |    79 ||   161

Table legend: (Time is in decaauts)
 A = Elapsed time spent in this place.
 B = Non-inter-level travel time spent in this place.
 C = Inter-level travel time spent in this place.
 D = Time resting spent in this place.
 E = Time spent auto-exploring this place.
 F = Levels seen in this place.
 G = Mean time per level.
                   A        B        C        D        E       F      G
               +--------+--------+--------+--------+--------+-----+--------+
         Total |   6553 |   6309 |    244 |      0 |   5375 |   7 |  936.1 |
       Dungeon |   6553 |   6309 |    244 |      0 |   5375 |   7 |  936.1 |
               +--------+--------+--------+--------+--------+-----+--------+

Top non-repeatable levels by time:
     D:6: 1230 daAuts
     D:2: 1171 daAuts
     D:3: 1170 daAuts
     D:4: 1118 daAuts
     D:1: 915 daAuts
     D:5: 863 daAuts
     D:7: 84 daAuts
